 Dungeon Crawl Stone Soup version 0.31-a0-83-gbff143cfd1 (webtiles) character file.

Game seed: 694936383172130443

541 Mahakala the Cudgeller (level 7, 0/64 HPs)
             Began as an Armataur Fighter on May 24, 2023.
             Was an Initiate of Yredelemnul.
             Slain by a water moccasin (4 damage)
             ... on level 5 of the Dungeon.
             The game lasted 00:13:05 (3618 turns).

Mahakala the Cudgeller (Armataur Fighter)           Turns: 3618, Time: 00:13:06

Health: 0/64       AC:  8    Str: 23    XL:     7   Next: 5%
Magic:  9/9        EV:  6    Int:  9    God:    Yredelemnul [......]
Gold:   282        SH:  4    Dex:  9    Spells: 6/6 levels left

rFire   . . .        a - +0 flail
rCold   . . .        c - +0 buckler
rNeg    . . .        v - +0 chain mail
rPois   .            (no helmet)
rElec   .            (no cloak)
rCorr   .            (no gloves)
SInv    .            (no barding)
Will    .....        (no amulet) Stlth
                     (no ring)
HPRegen 0.30/turn    (no ring)
MPRegen 0.11/turn

%: roll
@: no status effects
A: large, rugged brown scales 3, deformed body, armoured tail, roll, long
tongue, awkward tongue
a: Renounce Religion, Recall Undead Harvest


You were on level 5 of the Dungeon.
You worshipped Yredelemnul.
Yredelemnul was noncommittal.
You visited 1 branch of the dungeon, and saw 5 of its levels.

You collected 282 gold pieces.

Inventory:

Hand Weapons
 a - a +0 flail (weapon)
Missiles
 s - 2 atropa-tipped darts (quivered) {!f}
 y - 7 poisoned darts
Armour
 b - a +0 scale mail
 c - a +0 buckler (worn)
 v - a +0 chain mail (worn)
Jewellery
 k - an amulet of guardian spirit
 p - a ring of protection from cold
 u - a ring of resist corrosion
Wands
 t - a wand of flame (39)
Scrolls
 e - 3 scrolls of brand weapon {unknown}
 f - 8 scrolls of teleportation {@r4}
 g - 2 scrolls of blinking {unknown}
 h - a scroll of amnesia {unknown}
 n - a scroll of torment {unknown}
 o - a scroll of butterflies {unknown}
 w - a scroll of magic mapping {unknown}
 x - a scroll of noise {unknown}
Potions
 d - a potion of ambrosia {unknown}
 i - a potion of mutation
 j - a potion of curing {@q1}
 l - a potion of attraction {unknown}
 m - a potion of brilliance
 q - 4 potions of heal wounds {@q2}
 r - a potion of cancellation {unknown}
 z - 2 potions of haste {unknown}


   Skills:
 + Level 4.4 Fighting
 * Level 5.3 Maces & Flails
 - Level 3.6 Armour
 - Level 3.2 Shields
 + Level 2.7 Invocations


You had 6 spell levels left.
You didn't know any spells.
Your spell library contained the following spells:

 Spells                   Type           Power      Damage    Failure   Level
 Gell's Gravitas          Tloc           0%         N/A       100%        3
 Teleport Other           Tloc           0%         N/A       100%        3
 Animate Armour           Summ/Erth      0%         N/A       100%        4
 Blade Hands              Tmut           0%         N/A       100%        5
 Dispersal                Tloc           0%         N/A       100%        6
 Iron Shot                Conj/Erth      0%         9d1       100%        6


Dungeon Overview and Level Annotations

Branches:
Dungeon (5/15)
 Temple: D:4-7

Altars:
Dithmenos
Nemelex Xobeh
Ru
Sif Muna
Uskayaw
Yredelemnul

Shops:
D:2 [


Innate Abilities, Weirdness & Mutations

You are completely covered in rugged brown scales. (AC +3, +7% HP)
Armour fits poorly on your strangely shaped body.
You have a long armoured tail.
You roll when moving toward enemies. (Rampage)
Your long tongue fully drains potion bottles. (2x potion effects)
Your tongue gives you trouble enunciating. (1.5x scroll delay)


Message History

Something hits you.
* * * LOW HITPOINT WARNING * * *
The orc barely misses you.
The water moccasin bites you but does no damage.
The orc hits you but does no damage. Something hits you but does no damage.
The orc hits you with a +0 flail.
* * * LOW HITPOINT WARNING * * *
Something hits you but does no damage.
You feel better.
You slurp down every last drop of the potion of curing {@q1}!
The water moccasin bites you.
* * * LOW HITPOINT WARNING * * *
You block something's attack. The orc hits you but does no damage.
Something hits you but does no damage. The orc hits you with a +0 flail.
* * * LOW HITPOINT WARNING * * *
The water moccasin bites you.
* * * LOW HITPOINT WARNING * * *
You barely miss the orc.
Your tail-slap misses the orc.
The orc is almost dead.
The water moccasin bites you.
* * * LOW HITPOINT WARNING * * *
Something hits you.
* * * LOW HITPOINT WARNING * * *
The orc hits you with a +0 whip.
* * * LOW HITPOINT WARNING * * *
Something hits you but does no damage. The orc hits you but does no damage.
You hit the orc but do no damage.
The orc is almost dead.
The water moccasin bites you!
* * * LOW HITPOINT WARNING * * *
Something hits you but does no damage. The orc hits you with a +0 whip.
* * * LOW HITPOINT WARNING * * *
Something hits you but does no damage. The orc hits you but does no damage.
The water moccasin bites you.
You die...
Your body rises from the dead as a mindless zombie.

#..# #..#
#.###..###
#........#
#######.####
#.........#
###.###.#.#
##.######.###.#.#
.....oo@{.....#.##
......So{........#
........#.########
........#.#
........#.#
........#.#
........#.#
........#.# #.


You could see a water moccasin and 3 orcs.

Vanquished Creatures
  Sigmund (D:4)
  A gnoll sergeant (D:5)
  A gnoll (D:5)
  3 adders
  A white imp (D:5)
  2 dart slugs
  8 orcs
  7 endoplasms
  3 giant cockroaches
  A goblin (D:3)
  6 hobgoblins
  2 jackals (D:4)
  6 kobolds
  4 quokkas
  5 ball pythons
  4 bats
  2 frilled lizards
  2 rats (D:1)
59 creatures vanquished.

Vanquished Creatures (collateral kills)
  An ice beast (D:4)
  An ogre (D:5)
  Jessica (D:2)
  2 orcs
  A ball python (D:2)
  A bat (D:2)
7 creatures vanquished.

Vanquished Creatures (others)
  A gnoll zombie (D:5)
  An adder zombie (D:5)
  An orc (D:5)
  A hobgoblin zombie (D:4)
  4 orc zombies
  A quokka zombie (D:5)
9 creatures vanquished.

Grand Total: 75 creatures vanquished

Notes
Turn   | Place    | Note
-------+----------+-------------------------------------------
     0 | D:1      | Mahakala the Armataur Fighter began the quest for the Orb.
     0 | D:1      | Reached XP level 1. HP: 19/19 MP: 1/1
    49 | D:1      | Reached skill level 2 in Maces & Flails
   167 | D:1      | Reached XP level 2. HP: 26/26 MP: 2/2
   732 | D:2      | Found a faded altar of an unknown god.
   740 | D:2      | Prayed at the altar of an unknown god.
   740 | D:2      | Became a worshipper of Yredelemnul the Dark
   740 | D:2      | Reached * piety under Yredelemnul
   760 | D:2      | Noticed Jessica
   767 | D:2      | Killed Jessica
   768 | D:2      | Reached skill level 3 in Maces & Flails
   768 | D:2      | Reached XP level 3. HP: 33/33 MP: 3/3
   860 | D:2      | Reached XP level 4. HP: 36/40 MP: 4/4
   866 | D:2      | Found Miamn's Armour Boutique.
   893 | D:2      | Identified the +0 robe of the Arcane {rF+ SInv}
  1066 | D:3      | Found a sparkling altar of Nemelex Xobeh.
  1074 | D:3      | Found a sacrificial altar of Ru.
  1077 | D:3      | Found a shimmering blue altar of Sif Muna.
  1150 | D:3      | Found a hide-covered altar of Uskayaw.
  1447 | D:3      | Found a shadowy altar of Dithmenos.
  1975 | D:4      | Noticed Sigmund
  1980 | D:4      | Killed Sigmund
  1981 | D:4      | Reached skill level 4 in Maces & Flails
  1981 | D:4      | Reached skill level 1 in Invocations
  1981 | D:4      | Reached XP level 5. HP: 45/49 MP: 4/6
  2158 | D:4      | Reached XP level 6. HP: 54/55 MP: 7/7
  2320 | D:4      | Noticed an ice beast
  2344 | D:4      | Killed an ice beast
  2969 | D:5      | Entered Level 5 of the Dungeon
  3019 | D:5      | Reached skill level 5 in Maces & Flails
  3164 | D:5      | Reached XP level 7. HP: 22/64 MP: 7/9
  3326 | D:5      | HP: 2/64 [orc priest/divine providence (7)]
  3618 | D:5      | Slain by a water moccasin

Illustrated notes

Levels and vault maps discovered:
D:1:      dpeg_arrival_short_road, layout_loops_ring
D:2:      layout_rooms, serial_shops, shop, ebering_ecumenical_altar_webs,
          uniq_jessica
D:3:      layout_basic, mainiacjoe_overflow_tiny_flanked, minitemple,
          amcnicky_altar_gilded
D:4:      layout_loops_corners, serial_park_tiny_1, uniq_sigmund
D:5:      layout_basic, serial_shops, shop, nicolae_shop_self_help, uniq_pikel

Skill      XL: |  1  2  3  4  5  6 |
---------------+-------------------+-----
Maces & Flails | 2 3 4 5 |  5.3
Fighting       | 3 4 |  4.4
Invocations    | 1 2 |  2.7
Armour         | |  3.6
Shields        | |  3.2

Action                     |  1- 3 |  4- 6 |  7- 9 || total
---------------------------+-------+-------+-------++-------
  Melee: Flail             |    62 |    93 |    30 ||   185
         Tailslap          |     5 |     7 |     5 ||    17
 Invoke: Recall Undead Har |       |     1 |     1 ||     2
    Use: Scroll            |       |     6 |       ||     6
         Potion            |       |     1 |     2 ||     3
 Armour: Scale mail        |    23 |     3 |       ||    26
         Chain mail        |       |    35 |    29 ||    64
  Dodge: Dodged            |    18 |    20 |    19 ||    57
  Block: Buckler           |     9 |    19 |     7 ||    35

Table legend: (Time is in decaauts)
 A = Elapsed time spent in this place.
 B = Non-inter-level travel time spent in this place.
 C = Inter-level travel time spent in this place.
 D = Time resting spent in this place.
 E = Time spent auto-exploring this place.
 F = Levels seen in this place.
 G = Mean time per level.
                   A        B        C        D        E       F      G
               +--------+--------+--------+--------+--------+-----+--------+
         Total |   4077 |   3907 |    170 |    557 |   2302 |   5 |  815.4 |
       Dungeon |   4077 |   3907 |    170 |    557 |   2302 |   5 |  815.4 |
               +--------+--------+--------+--------+--------+-----+--------+

Top non-repeatable levels by time:
     D:4: 1455 daAuts
     D:3: 1043 daAuts
     D:1: 747 daAuts
     D:5: 456 daAuts
     D:2: 374 daAuts
